Map: 이터널 엠파이어 - 래더

Players

Stats - Winner!

  • Race: Protoss Protoss
  • Spawn Location: 1:00

Namshar

  • Race: Zerg Zerg
  • League: Master
  • Spawn Location: 7:00

Event: StayAtHomestory Cup #2

VOD

Have the link to the VOD?

Description

Time

  • Played on: June 11, 2020, 10:01 a.m.
  • Length: 24:16

All games in this series

Show
View Real Time Build Order
Export as new Build Order

Stats Protoss - Winner!

Build Orders: 1 Gate Expand, Archon Immortal, Mass Adepts 

Get SALT Encoding   

  12  0:01  Probe  
  13  0:13  Probe  
  14  0:20  Pylon  
  14  0:25  Probe  
  15  0:28  Assimilator  
  15  0:35  Probe  
  16  0:43  Probe, Gateway  
  17  0:52  Probe  
  18  1:04  Probe  
  19  1:16  Probe  
  20  1:24  Nexus  
  20  1:33  Cybernetics Core  
  20  1:36  Probe  
  21  1:41  Assimilator  
  21  1:48  Probe  
  21  1:51  Pylon  
  22  2:00  Adept, Probe  
  23  2:10  Warp Gate  
  23  2:13  Probe  
  26  2:25  Probe  
  26  2:29  Twilight Council  
  27  2:30  Stalker  
  27  2:32  Probe  
  27  2:33  Probe  
  31  2:40  Probe  
  31  2:41  Probe  
  31  2:50  Robotics Facility  
  31  2:51  Resonating Glaives  
  33  2:52  Probe  
  33  2:56  Probe  
  35  3:04  Gateway  
  35  3:10  Probe x2  
  37  3:15  Adept  
  39  3:26  Gateway  
  39  3:27  Warp Prism  
  39  3:28  Gateway  
  41  3:42  Pylon  
  41  3:43  Probe x2  
  43  3:53  Pylon  
  43  3:57  Probe x2  
  43  4:01  Adept x2  
  49  4:05  Observer  
  49  4:09  Probe x2, Assimilator  
  52  4:15  Pylon  
  52  4:24  Adept x4  
  52  4:26  Probe x2  
  52  4:29  Pylon  
  62  4:46  Adept x4  
  62  4:49  Probe x2  
  72  4:53  Assimilator  
  72  4:54  Pylon  
  70  5:10  Probe x2  
  68  5:19  Adept x4  
  76  5:23  Pylon  
  76  5:28  Nexus  
  76  5:29  Pylon  
  76  5:41  Immortal  
  80  5:42  Forge  
  80  5:43  Probe  
  80  5:44  Probe  
  82  5:51  Sentry  
  82  5:52  Sentry x3  
  82  5:55  Shield Battery  
  90  5:57  Probe x2  
  92  6:09  Probe x2, Protoss Ground Weapons Level 1  
  94  6:19  Immortal  
  94  6:21  Blink  
  86  6:47  Probe x3  
  86  6:51  Stalker x4  
  97  6:55  Probe x3, Pylon  
  100  7:03  Probe x3  
  100  7:08  Immortal  
  103  7:14  Probe x3  
  109  7:16  Templar Archives, Assimilator  
  109  7:19  Assimilator, Pylon  
  110  7:25  Stalker x3  
  110  7:27  Stalker  
  118  7:42  Probe x2  
  118  7:43  Probe  
  121  7:45  Gateway  
  121  7:46  Gateway  
  121  7:50  Protoss Ground Weapons Level 2, Psionic Storm  
  121  7:53  Shield Battery  
  121  7:55  Shield Battery  
  121  8:02  Gateway  
  121  8:04  Pylon  
  121  8:10  Stalker x4  
  129  8:14  Photon Cannon  
  129  8:16  Pylon x2  
  129  8:23  Charge  
  127  8:40  Photon Cannon  
  127  8:43  Gateway x2  
  127  8:46  Gateway  
  127  8:49  High Templar x4  
  135  8:56  Nexus  
  135  8:59  Pylon  
  135  9:01  High Templar  
  137  9:03  Zealot  
  137  9:06  High Templar  
  137  9:07  Pylon  
  137  9:08  Pylon  
  141  9:10  Pylon  
  141  9:12  Photon Cannon  
  141  9:21  Shield Battery  
  141  9:23  High Templar x2, Photon Cannon  
  141  9:24  Zealot x3  
  151  9:28  Archon  
  151  9:37  Probe x3  
  154  9:42  Pylon  
  154  9:43  Immortal  
  154  9:46  Unknown  
  154  9:50  High Templar x2, Zealot x2  
  154  9:51  Zealot x4  
  170  9:54  Archon  
  170  9:59  Zealot x2  
  178  10:02  Probe x2  
  171  10:16  Observer  
  169  10:22  Zealot x8  
  184  10:40  Stalker x2  
  184  10:43  Immortal  
  184  10:48  Stalker x2  
  184  10:49  Zealot x3, Stalker x2  
  196  10:54  Observer  
  184  11:03  Stalker  
  144  11:11  Stalker x4  
  144  11:14  Stalker x3  
  125  11:32  Immortal  
  120  11:38  Stalker x2  
  120  11:39  Stalker x3  
  126  11:48  Stalker  
  122  12:15  Observer  
  123  12:18  Stalker x6  
  135  12:25  Probe x2  
  135  12:26  Probe  
  138  12:33  Pylon  
  138  12:37  Probe  
  138  12:38  Probe x2  
  133  12:47  Observer  
  134  12:54  Observer  
  134  12:55  Probe x3, Templar Archives  
  137  12:59  Observer  
  137  13:07  Probe x3  
  120  13:19  Immortal  
  72  13:26  Probe x2  
  70  13:27  Probe  
  70  13:28  Zealot x4  
  70  13:29  Zealot x4  
  89  13:34  Probe  
  89  13:35  Probe x2  
  92  13:47  Immortal  
  92  13:51  Probe x3  
  95  13:56  Robotics Facility  
  95  14:00  High Templar x2, Pylon  
  103  14:04  Protoss Ground Weapons Level 3  
  103  14:11  Probe x3  
  106  14:22  Gateway  
  106  14:23  Gateway  
  106  14:24  High Templar x2  
  108  14:28  Nexus  
  108  14:30  Pylon  
  110  14:31  Probe x3  
  113  14:43  Probe x3  
  116  14:48  Immortal, Stargate  
  116  14:51  Immortal  
  124  15:10  Stalker x4  
  132  15:16  High Templar x2  
  136  15:21  Probe x3  
  136  15:24  Assimilator x2  
  139  15:36  Fleet Beacon  
  139  15:37  Immortal x2  
  147  15:54  Mothership  
  147  16:02  Probe x3  
  148  16:06  Immortal x2  
  156  16:20  Photon Cannon x2  
  156  16:23  Photon Cannon  
  164  16:35  Protoss Shields Level 1  
  164  16:36  Probe  
  164  16:37  Probe x2  
  167  16:47  Nexus, Pylon  
  167  16:48  Stalker x2  
  167  16:49  Probe, Stalker x2  
  174  16:57  High Templar x2  
  178  17:03  Forge  
  178  17:06  Shield Battery  
  176  17:09  Photon Cannon  
  176  17:33  Cybernetics Core  
  176  17:41  Protoss Air Weapons Level 1  
  174  17:48  Protoss Ground Armor Level 1  
  174  17:52  Zealot x5  
  174  17:53  Zealot x3  
  190  18:11  Stargate  
  190  18:13  Stargate  
  190  18:14  Protoss Air Armor Level 1  
  190  18:17  Stargate  
  190  18:19  Stargate  
  190  18:21  Assimilator  
  190  18:23  Stargate  
  190  18:25  Assimilator  
  190  18:27  Carrier  
  194  18:57  Carrier  
  186  19:25  Carrier x2  
  163  21:12  Zealot x3  
  169  21:20  Pylon  
  169  21:22  Pylon  
  169  21:24  Pylon  
  168  21:26  Pylon x2  
  168  21:27  Pylon  
  168  21:28  Pylon  
  168  21:30  Pylon  
  165  21:33  Pylon  
  113  22:36  Pylon  
  113  22:38  Pylon x2  
  113  22:39  Pylon  
  113  22:40  Pylon x2  
  113  22:41  Pylon x2  
  113  22:48  Pylon x2  
  113  22:50  Pylon x3  
  113  22:52  Pylon  
  113  22:57  Pylon  
  113  22:58  Pylon  
  113  23:01  Pylon  
  113  23:03  Nexus  
  112  23:05  Nexus  
  112  23:06  Pylon  
  112  23:09  Pylon  
Show
View Real Time Build Order
Export as new Build Order

Namshar Zerg 

Build Orders: Hatch First, Lurkers, Roach Hydra 

Get SALT Encoding   

  12  0:00  Drone  
  13  0:12  Overlord  
  13  0:17  Drone  
  14  0:30  Drone x2  
  16  0:47  Hatchery  
  15  0:51  Drone  
  15  0:55  Drone  
  17  0:58  Drone  
  18  1:09  Extractor  
  17  1:13  Spawning Pool  
  17  1:16  Drone  
  17  1:20  Drone  
  18  1:27  Drone  
  19  1:38  Drone  
  20  1:46  Hatchery  
  19  1:49  Drone  
  20  1:59  Drone  
  20  2:00  Drone  
  22  2:04  Queen  
  24  2:11  Overlord  
  24  2:19  Queen  
  26  2:24  Drone  
  26  2:27  Metabolic Boost  
  27  2:32  Zergling x2  
  27  2:34  Zergling x2  
  27  2:36  Drone  
  30  2:38  Drone  
  31  2:45  Queen  
  31  2:50  Overlord  
  33  2:54  Drone  
  34  2:58  Queen  
  34  3:04  Drone  
  34  3:05  Drone  
  38  3:09  Drone x2  
  38  3:10  Drone  
  41  3:14  Drone  
  41  3:17  Overlord  
  41  3:18  Drone  
  43  3:24  Queen  
  45  3:27  Drone  
  45  3:28  Drone  
  45  3:32  Drone  
  45  3:33  Drone  
  49  3:35  Overlord  
  49  3:42  Drone x2  
  49  3:45  Overlord  
  51  3:48  Drone  
  51  3:49  Roach Warren  
  51  3:57  Drone  
  51  3:58  Drone x2  
  54  4:06  Drone x2  
  54  4:07  Drone x2  
  58  4:10  Overlord x2  
  58  4:16  Spine Crawler, Zergling x12  
  63  4:19  Zergling x2  
  63  4:23  Queen  
  66  4:27  Overlord x2  
  66  4:30  Zergling x2  
  67  4:38  Roach x4  
  74  4:43  Queen  
  74  4:45  Overlord  
  76  4:49  Overlord  
  76  4:52  Roach x3  
  82  5:13  Roach x3  
  82  5:17  Drone x12  
  82  5:20  Extractor  
  82  5:21  Extractor  
  92  5:23  Spore Crawler  
  92  5:25  Overlord, Spore Crawler  
  90  5:34  Roach x3  
  96  5:42  Overlord x2  
  96  5:44  Spore Crawler  
  95  5:50  Overlord  
  95  5:51  Roach x2  
  95  5:52  Drone x7  
  106  6:00  Extractor, Lair  
  106  6:01  Drone x5  
  110  6:13  Drone x3  
  110  6:14  Extractor x2  
  111  6:22  Hatchery  
  111  6:23  Drone x8  
  113  6:34  Drone x5  
  115  6:54  Evolution Chamber, Overlord x2  
  115  6:59  Hydralisk Den  
  113  7:03  Overlord  
  113  7:07  Drone x2, Overlord x2  
  113  7:08  Pneumatized Carapace  
  115  7:12  Ravager x3  
  115  7:13  Glial Reconstitution  
  115  7:14  Overlord  
  118  7:16  Zergling x4  
  118  7:17  Zergling x8  
  118  7:20  Unknown  
  123  7:23  Infestation Pit, Overseer  
  123  7:26  Zerg Missile Weapons Level 1  
  123  7:28  Grooved Spines  
  122  7:31  Drone  
  122  7:34  Roach x3  
  127  7:38  Roach x2  
  127  7:41  Hatchery  
  127  7:42  Roach x3  
  134  7:45  Ravager  
  134  7:46  Ravager  
  136  7:58  Hatchery  
  136  8:04  Infestation Pit  
  134  8:06  Unknown  
  134  8:08  Drone x3  
  136  8:16  Extractor  
  136  8:18  Extractor  
  133  8:34  Drone  
  134  8:36  Lurker Den  
  134  8:39  Muscular Augments  
  134  8:40  Hive, Hydralisk x11  
  155  9:00  Hydralisk  
  155  9:01  Hydralisk x5  
  155  9:02  Drone x2  
  169  9:03  Drone x6  
  175  9:13  Hydralisk x6  
  175  9:15  Overlord x2  
  175  9:16  Overseer  
  187  9:28  Spine Crawler x3, Drone x3  
  187  9:29  Drone x2  
  187  9:31  Drone  
  190  9:46  Overlord x2  
  190  9:47  Overlord  
  190  9:53  Seismic Spines  
  189  10:04  Lurker  
  190  10:10  Lurker x8  
  196  10:19  Overseer x2  
  195  10:33  Hydralisk  
  195  10:34  Hydralisk x3  
  191  10:55  Hydralisk x5  
  181  11:11  Lurker Den  
  181  11:12  Hydralisk Den  
  181  11:14  Hydralisk  
  181  11:15  Hydralisk x9  
  196  11:21  Hydralisk x9  
  172  11:37  Hydralisk x9  
  173  11:42  Hatchery  
  155  11:56  Hydralisk x4  
  133  12:12  Spawning Pool  
  133  12:13  Lurker x3  
  133  12:14  Lurker  
  124  12:29  Lurker x4  
  104  12:51  Lurker x3  
  107  12:55  Lurker x2  
  78  13:15  Hydralisk x3  
  63  13:22  Drone  
  63  13:23  Drone x2  
  61  13:29  Drone  
  61  13:30  Drone x3  
  65  13:40  Hydralisk x2  
  69  13:47  Hydralisk  
  69  13:55  Drone x5  
  74  14:02  Overseer  
  74  14:05  Spawning Pool  
  74  14:08  Hydralisk x2  
  77  14:12  Unknown  
  76  14:18  Drone x5  
  81  14:36  Drone x5  
  86  14:43  Hydralisk  
  86  14:44  Hydralisk x2  
  86  14:45  Hatchery  
  90  15:05  Hydralisk x6  
  102  15:12  Lurker x4  
  102  15:13  Lurker  
  107  15:15  Lair  
  107  15:16  Queen  
  109  15:22  Drone x2  
  109  15:23  Drone  
  112  15:32  Queen  
  114  15:48  Overseer  
  114  15:50  Overseer  
  114  15:52  Queen  
  116  15:59  Unknown  
  115  16:05  Hydralisk x10  
  135  16:12  Overseer  
  135  16:18  Overlord x4  
  135  16:19  Hydralisk  
  135  16:20  Lurker x2  
  135  16:21  Lurker  
  140  16:32  Spine Crawler  
  139  16:33  Spine Crawler  
  139  16:34  Spine Crawler  
  139  16:36  Drone x4  
  139  16:39  Queen  
  143  16:44  Infestation Pit  
  142  16:51  Extractor x2  
  140  16:55  Hydralisk x7  
  154  17:18  Drone x15  
  168  17:29  Drone, Unknown  
  168  17:30  Queen, Drone x2  
  168  17:31  Overlord  
  168  17:33  Hive  
  168  17:36  Overseer x2  
  170  18:03  Overlord  
  170  18:04  Overlord x4  
  170  18:12  Overlord  
  170  18:19  Hatchery  
  169  18:21  Queen  
  171  18:47  Adaptive Talons  
  171  18:50  Hydralisk  
  171  18:51  Hydralisk x7  
  171  18:52  Lurker x6  
  171  18:53  Evolution Chamber  
  171  18:55  Overseer x2  
  177  19:27  Hydralisk x11  
  176  19:41  Drone x4  
  176  19:42  Queen, Drone x7  
  188  19:52  Lurker  
  188  19:53  Lurker x2  
  188  19:55  Drone x3  
  188  19:57  Extractor  
  185  20:19  Hydralisk x7  
  199  20:25  Overseer  
  199  20:26  Overseer  
  180  21:04  Viper  
  180  21:05  Viper  
  178  21:17  Overseer x2  
  143  21:42  Overlord x3  
  141  21:47  Hydralisk Den  
  93  22:53  Hatchery  
  92  22:59  Overseer  
  90  23:44  Overseer  
Tags
 
Add a new tag
Caveats
  • Supply blocks, unpowered buildings, or Contaminate may cause inaccurate times.
  • Supply counts are checked every 10 seconds.